 Dungeon Crawl Stone Soup version 0.27-a0-592-g0306a34022 (webtiles) character file.

Game seed: 463285962425784949

46 jestyr24 the Conjurer (level 3, -4/19 HPs)
             Began as a Kobold Conjurer on Mar 10, 2021.
             Slain by Crazy Yiuf
             ... wielding a +2 quarterstaff of chaos
              (9 damage)
             ... on level 2 of the Dungeon.
             The game lasted 00:07:30 (1467 turns).

jestyr24 the Conjurer (Kobold Conjurer)             Turns: 1467, Time: 00:07:32

Health: -4/19      AC:  2    Str:  4    XL:     3   Next: 95%
Magic:  0/6        EV: 14    Int: 20    God:
Gold:   22         SH:  0    Dex: 13    Spells: 3/6 levels left

rFire    . . .     SeeInvis .   l - +0 dagger
rCold    . . .     Faith    .   (shield restricted)
rNeg     . . .     Spirit   .   a - +0 robe
rPois    .         Reflect  .   (no helmet)
rElec    .         Harm     .   (no cloak)
rCorr    .         Rampage  .   (no gloves)
Will     .....                  (no boots)
Stlth    +++.......             (no amulet)
HPRegen  0.06/turn              (no ring)
MPRegen  0.10/turn              (no ring)

@: slowed, very slow
A: small, nightstalker 3
a: no special abilities


You were on level 2 of the Dungeon.
You visited 1 branch of the dungeon, and saw 2 of its levels.

You collected 22 gold pieces.

Inventory:

Hand Weapons
 l - a +0 dagger (weapon)
 m - a +0 hunting sling
Missiles
 h - 88 stones
Armour
 a - a +0 robe (worn)
 e - a +0 leather armour
Jewellery
 i - an amulet of guardian spirit
Scrolls
 b - 2 scrolls of teleportation {unknown}
 c - 2 scrolls of amnesia {unknown}
 f - a scroll of noise {unknown}
 k - a scroll of magic mapping {unknown}
Potions
 d - a potion of cancellation {unknown}
 g - a potion of magic {unknown}
 j - a potion of haste {unknown}


   Skills:
 + Level 2.6 Dodging
 + Level 3.1 Stealth
 + Level 2.4 Spellcasting
 + Level 4.9 Conjurations


You had 3 spell levels left.
You knew the following spells:

 Your Spells              Type           Power      Damage    Failure   Level
a - Magic Dart            Conj           88%        1d7       1%          1
b - Searing Ray           Conj           44%        3d4       3%          2

Your spell library contained the following spells:

 Spells                   Type           Power      Damage    Failure   Level
 Dazzling Flash           Conj/Hex       24%        N/A       16%         3
 Fulminant Prism          Conj/Hex       6%         3d7       47%         4
 Iskenderun's Mystic Bla  Conj/Tloc      12%        2d5       47%         4


Dungeon Overview and Level Annotations

Branches:
Dungeon (2/15)

Altars:

Annotations:
D:2 Crazy Yiuf


Innate Abilities, Weirdness & Mutations

You are small and have problems with some larger weapons.
You are completely attuned to the shadows.


Message History

Crazy Yiuf is heavily wounded.
The searing ray misses Crazy Yiuf.
Crazy Yiuf twirls on the spot.
The searing ray hits Crazy Yiuf!
Crazy Yiuf is severely wounded.
You finish channeling your searing ray.
Crazy Yiuf barely misses you. Crazy Yiuf misses you.
Casting: Searing Ray (safe; 3% risk of failure)
Confirm with . or Enter, or press ? or * to list all spells.
Aiming: Magic Dart (safe; 1% risk of failure)
Press: ? - help, Shift-Dir - straight line, f/p - Crazy Yiuf
Aim: Crazy Yiuf, wielding a +2 quarterstaff of chaos and wearing a +0 cloak (severely wounded, 0% to evade)
The magic dart hits Crazy Yiuf.
Crazy Yiuf is almost dead.
Crazy Yiuf misses you.
You barely miss Crazy Yiuf.
Crazy Yiuf is almost dead.
Crazy Yiuf hits you with a +2 quarterstaff of chaos.
You feel yourself slow down.
You hit Crazy Yiuf.
Crazy Yiuf is almost dead.
Crazy Yiuf misses you.
You closely miss Crazy Yiuf.
Crazy Yiuf is almost dead.
Crazy Yiuf barely misses you.
You barely miss Crazy Yiuf.
Crazy Yiuf is almost dead.
Crazy Yiuf closely misses you.
Crazy Yiuf hits you with a +2 quarterstaff of chaos!
Ouch! That really hurt!
* * * LOW HITPOINT WARNING * * *
Casting: Magic Dart (safe; 1% risk of failure)
Confirm with . or Enter, or press ? or * to list all spells.
Aiming: Magic Dart (safe; 1% risk of failure)
Press: ? - help, Shift-Dir - straight line, f/p - Crazy Yiuf
Aim: Crazy Yiuf, wielding a +2 quarterstaff of chaos and wearing a +0 cloak (almost dead, 0% to evade)
The magic dart hits Crazy Yiuf but does no damage.
Crazy Yiuf is almost dead.
Crazy Yiuf hits you with a +2 quarterstaff of chaos!
You die...

#################################
#................#
#.##############.# #.# #...# ###
#.# #.### #.# #.# #.####.# ##
###### .....#.### )..### ##P..)##
....<'...# ...g@####.P.)..#
.....##..# ...##..#..)....#
.....##..# ## ###.#..).#.#
.....##..# ########.# ....)##..#
#.###### #######..## #.†.....
#...##### ######## #.......#
#.......#


You could see Crazy Yiuf.

Vanquished Creatures
  Robin (D:2)
  An adder (D:2)
  A leopard gecko (D:1)
  A giant cockroach (D:2)
  12 goblins (D:2)
  2 hobgoblins
  A kobold (D:2)
  A bat (D:2)
  4 frilled lizards (D:2)
24 creatures vanquished.

Notes
Turn   | Place    | Note
-------+----------+-------------------------------------------
     0 | D:1      | jestyr24 the Kobold Conjurer began the quest for the Orb.
     0 | D:1      | Reached XP level 1. HP: 10/10 MP: 3/3
   590 | D:2      | Reached XP level 2. HP: 15/15 MP: 3/5
   971 | D:2      | Reached XP level 3. HP: 19/19 MP: 2/6
   974 | D:2      | Learned a level 2 spell: Searing Ray
  1123 | D:2      | Noticed Robin
  1137 | D:2      | Killed Robin
  1431 | D:2      | Found a runed translucent door.
  1434 | D:2      | Noticed Crazy Yiuf
  1467 | D:2      | Slain by Crazy Yiuf

Illustrated notes

Levels and vault maps discovered:
D:1:      eino_arrival_cavern_e, layout_rooms, serial_forest,
          infiniplex_forest_zigzag_1, infiniplex_forest_end_2,
          infiniplex_forest_clump_diagonal, infiniplex_forest_clump_curved,
          infiniplex_forest_side_room, infiniplex_forest_corner_1,
          infiniplex_forest_zigzag_1
D:2:      layout_basic, serial_bayou_pond_d, uniq_robin, uniq_crazy_yiuf_cottage

Skill      XL: |  1  2 |
---------------+-------+-----
Stealth        | 3 |  3.1
Dodging        | |  2.6
Spellcasting   | |  2.4
Conjurations   | |  4.9

Action                   || total
-------------------------++-------
Melee: Unarmed           ||     3
       Dagger            ||    13
 Cast: Magic Dart        ||    30
       Searing Ray       ||     3
Armor: Robe              ||     4
Dodge: Dodged            ||    19

Table legend: (Time is in decaauts)
 A = Elapsed time spent in this place.
 B = Non-inter-level travel time spent in this place.
 C = Inter-level travel time spent in this place.
 D = Time resting spent in this place.
 E = Time spent auto-exploring this place.
 F = Levels seen in this place.
 G = Mean time per level.
                   A        B        C        D        E       F      G
               +--------+--------+--------+--------+--------+-----+--------+
         Total |   1467 |   1467 |      0 |    575 |    669 |   2 |  733.5 |
       Dungeon |   1467 |   1467 |      0 |    575 |    669 |   2 |  733.5 |
               +--------+--------+--------+--------+--------+-----+--------+

Top non-repeatable levels by time:
     D:2: 1281 daAuts
     D:1: 186 daAuts
